 Dungeon Sprint DCSS version 0.22-a0-460-g49b1da7e92 (webtiles) character file.

2900000 Evaline the Axe Maniac (level 18, -14/200 HPs)
             Began as a Hill Orc Berserker on June 9, 2018.
             Was an Elder of Trog.
             Engulfed by a cloud of flame (24 damage)
             ... in the Dungeon (Sprint VIII: "Arena of Blood").
             The game lasted 00:11:31 (29 turns).

Evaline the Axe Maniac (Hill Orc Berserker)           Turns: 29, Time: 00:11:31

Health: -14/200    AC:  4    Str: 28    XL:     18   Next: 98%
Magic:  18/18      EV: 26    Int:  7    God:    Trog [****..]
Gold:   0          SH:  0    Dex: 10    Spells: 17/17 levels left

rFire    . . .     SeeInvis .   j - +∞ Axe of Woe
rCold    . . .     Gourm    .   (shield currently unavailable)
rNeg     . . .     Faith    .   b - +0 animal skin
rPois    .         Spirit   .   (no helmet)
rElec    .         Reflect  .   (no cloak)
rCorr    .         Harm     .   (no gloves)
MR       +....     NoTele   +   (no boots)
Stlth    ++++++....             (no amulet)
HPRegen  0.43/turn              l - +30 ring of slaying
MPRegen  0.16/turn              k - +30 ring of slaying

@: berserk cooldown, slowed, very slow
A: no striking features
a: Berserk, Trog's Hand, Brothers in Arms, Renounce Religion


You were in the Dungeon.
You worshipped Trog.
Trog was greatly pleased with you.
You were not hungry.

You visited 1 branch

Inventory:

Hand Weapons
 a - a +0 hand axe
 j - the +∞ Axe of Woe (weapon)
   (You found it in the Dungeon)
 m - a +9 war axe
Armour
 b - a +0 animal skin (worn)
Jewellery
 k - a +30 ring of slaying (right hand)
 l - a +30 ring of slaying (left hand)
 n - a +30 ring of slaying
Scrolls
 i - a scroll of blinking
Potions
 d - a potion of curing
 e - a potion of heal wounds
 f - a potion of haste
 g - 2 potions of magic
 h - a potion of berserk rage
Comestibles
 c - a ration


   Skills:
 O Level 27 Fighting
 O Level 27 Axes
 * Level 24.0 Throwing
 * Level 22.7 Armour
 O Level 27 Dodging
 * Level 16.3 Stealth


You had 17 spell levels left.
You didn't know any spells.
Your spell library was empty.

Dungeon Overview and Level Annotations

Branches:
Dungeon (1/1)

Altars:
Makhleb


Message History

Trog grants you ammunition!
Your Throwing skill gained 3 levels and is now at level 22!
Your Armour skill gained 4 levels and is now at level 20!
Your Stealth skill gained 12 levels and is now at level 12!
You have reached level 18!
Your experience leads to an increase in your attributes!
Increase (S)trength, (I)ntelligence, or (D)exterity?
You feel stronger.
You hear a shout! x17
You dice the large bag of meat like an onion!!!
You slaughter the large bag of meat joyfully.
The large bag of meat explodes!
The fiery explosion engulfs you!
* * * LOW HITPOINT WARNING * * *
Trog accepts your kill.
Your Throwing skill gained 2 levels and is now at level 24!
Your Armour skill gained 2 levels and is now at level 22!
Your Stealth skill gained 4 levels and is now at level 16!
You are engulfed in blazing flames.
You die...

..............
.............
...........o
...........
..........
#.......#
#.....).# ..
.###.....).###...
......###@§§.o...
......_.§§§.....
...#....§#§.....
#_.<._#......
#.....#......
......_.........
......###........
.###.. ...###..%
#.. ...# .


You could see a bag of meat.

Vanquished Creatures
  A vampire knight (D)
  2 ogres (D)
  A two-headed ogre (D)
  8 orcs (D)
12 creatures vanquished.

Notes
Turn   | Place    | Note
-------+----------+-------------------------------------------
     0 | D        | Found the +∞ Axe of Woe
     0 | D        | Evaline the Hill Orc Berserker began the quest for the Orb.
     0 | D        | Reached XP level 1. HP: 19/19 MP: 1/1
     2 | D        | Noticed a bag of meat
     4 | D        | Noticed a bag of meat
     5 | D        | Noticed a bag of meat
     5 | D        | Noticed a bag of meat
     6 | D        | Noticed a bag of meat
     8 | D        | Killed a bag of meat
     8 | D        | Reached XP level 2. HP: 19/57 MP: 2/2
     8 | D        | Reached XP level 3. HP: 22/64 MP: 3/3
     8 | D        | Reached XP level 4. HP: 24/72 MP: 4/4
     8 | D        | Reached XP level 5. HP: 27/80 MP: 5/5
     8 | D        | Reached XP level 6. HP: 30/88 MP: 6/6
     8 | D        | Reached XP level 7. HP: 32/95 MP: 7/7
     8 | D        | Reached XP level 8. HP: 35/103 MP: 8/8
     8 | D        | Reached XP level 9. HP: 38/111 MP: 9/9
     8 | D        | Reached XP level 10. HP: 40/118 MP: 10/10
     8 | D        | Reached XP level 11. HP: 43/126 MP: 11/11
     8 | D        | Reached XP level 12. HP: 46/134 MP: 12/12
     9 | D        | Killed a bag of meat
     9 | D        | Reached ** piety under Trog
     9 | D        | Reached skill level 10 in Dodging
     9 | D        | Reached XP level 13. HP: 51/148 MP: 13/13
    10 | D        | Noticed a meat berserker
    10 | D        | Noticed a bag of meat
    13 | D        | Killed a bag of meat
    13 | D        | Reached skill level 27 in Axes
    13 | D        | Reached XP level 14. HP: 59/166 MP: 14/14
    13 | D        | Noticed a bag of meat
    13 | D        | Noticed a bag of meat
    15 | D        | Killed a bag of meat
    15 | D        | Reached skill level 27 in Fighting
    15 | D        | Noticed a meat berserker
    16 | D        | Killed a bag of meat
    16 | D        | Reached XP level 15. HP: 42/174 MP: 15/15
    17 | D        | Killed a meat berserker
    17 | D        | Reached *** piety under Trog
    17 | D        | Reached XP level 16. HP: 25/183 MP: 16/16
    19 | D        | Killed a meat berserker
    19 | D        | Reached skill level 27 in Dodging
    19 | D        | Reached XP level 17. HP: 29/191 MP: 17/17
    21 | D        | Reached **** piety under Trog
    25 | D        | Noticed a destroyer
    25 | D        | Noticed a large bag of meat
    28 | D        | Killed a destroyer
    28 | D        | Received a gift from Trog
    28 | D        | Reached XP level 18. HP: 44/200 MP: 18/18
    29 | D        | Killed a large bag of meat
    29 | D        | HP: 10/200 [large bag of meat/exploding inner flame (35)]
    29 | D        | Engulfed by a cloud of flame

Vault maps used:
D:        meatsprint

Skill      XL: |  1  2  3  4  5  6  7  8  9 10 11 12 13 14 15 16 17 18 |
---------------+-------------------------------------------------------+-----
Fighting       | 20 23 26 27 | 27.0
Axes           | 23 26 27 | 27.0
Dodging        | 9 10 12 19 24 27 | 27.0
Throwing       | 13 22 24 | 24.0
Armour         | 11 20 22 | 22.7
Stealth        | 12 16 | 16.3

Action                   |  1- 3 |  4- 6 |  7- 9 | 10-12 | 13-15 | 16-18 || total
-------------------------+-------+-------+-------+-------+-------+-------++-------
Melee: Executioner's axe |     1 |       |       |     1 |     4 |     5 ||    11
Invok: Berserk           |     1 |       |       |       |       |       ||     1
       Trog's Hand       |       |       |       |       |       |     1 ||     1
Dodge: Dodged            |       |       |       |       |       |     1 ||     1

Table legend:
 A = Spawn XP
 B = Non-spawn XP
 C = Spawn XP percentage of total XP
 D = Spawn monster count
 E = Non-spawn monster count
 F = Spawn count percentage of total count
 G = Total turns spent on level
                    A         B        C        D         E        F      G
               +---------+---------+-------+---------+---------+-------+---------
         Total |       0 |  315124 |   0.0 |       0 |      12 |   0.0 |    29
               +---------+---------+-------+---------+---------+-------+---------
             D |       0 |  315124 |   0.0 |       0 |      12 |   0.0 |    29
               +---------+---------+-------+---------+---------+-------+---------
